 Dungeon Crawl Stone Soup version 0.24-a0-251-g44e327e (webtiles) character file.

Game seed: 11352567167330987210

494 Hasart the Cutter (level 7, 0/42 HPs)
             Began as a Kobold Gladiator on Apr 17, 2019.
             Was an Initiate of Ru.
             Slain by a sky beast (5 damage)
             ... on level 5 of the Dungeon.
             The game lasted 00:05:03 (2697 turns).

Hasart the Cutter (Kobold Gladiator)                Turns: 2697, Time: 00:05:04

Health: 0/42       AC:  4    Str: 18    XL:     7   Next: 38%
Magic:  7/7        EV: 17    Int: 10    God:    Ru [......]
Gold:   53         SH:  0    Dex: 16    Spells: 6/6 levels left

rFire    . . .     SeeInvis .   a - +0 rapier
rCold    . . .     Gourm    .   (shield restricted)
rNeg     . . .     Faith    .   b - +0 leather armour
rPois    .         Spirit   .   c - +0 helmet
rElec    .         Reflect  .   (no cloak)
rCorr    .         Harm     .   (no gloves)
MR       .....                  (no boots)
Stlth    ++........             (no amulet)
HPRegen  0.14/turn              (no ring)
MPRegen  0.10/turn              (no ring)

@: mighty, lethally poisoned (0 -> -3)
A: small, carnivore
a: Renounce Religion


You were on level 5 of the Dungeon.
You worshipped Ru.
Ru was noncommittal.
You were completely stuffed.

You visited 1 branch of the dungeon, and saw 5 of its levels.

You collected 155 gold pieces.
You spent 102 gold pieces at shops.

Inventory:

Hand Weapons
 a - a +0 rapier (weapon)
Missiles
 d - 3 throwing nets (quivered)
Armour
 b - a +0 leather armour (worn)
 c - a +0 helmet (worn)
Wands
 n - a wand of flame (8)
Scrolls
 e - 3 scrolls of enchant armour {unknown}
 h - 2 scrolls of enchant weapon {unknown}
 i - 4 scrolls of identify
 l - a scroll of teleportation {unknown}
 p - a scroll of remove curse
 q - a scroll of magic mapping
Potions
 j - a potion of might
 k - a potion of degeneration {unknown}
 m - 2 potions of haste {unknown}
Comestibles
 f - 5 rations
 o - 5 chunks of flesh


   Skills:
 + Level 3.9 Fighting
 * Level 6.8 Short Blades
 - Level 2.1 Throwing
 + Level 2.1 Armour
 + Level 5.0 Dodging
 + Level 3.9 Stealth


You had 6 spell levels left.
You didn't know any spells.
Your spell library was empty.

Dungeon Overview and Level Annotations

Branches:
Dungeon (5/15)
 Temple: D:4-7

Altars:
Ru

Shops:
D:4 ?


Innate Abilities, Weirdness & Mutations

You are small and have problems with some larger weapons.
You are carnivorous and can eat meat at any time.


Message History

You completely miss something.
You feel sick. Something hits you. Something shocks you.
You completely miss something.
The howler monkey hoots and howls with incredible vigour!
A sky beast appears from thin air!
Reactivating autopickup.
The sky beast hits you. The sky beast shocks you.
* * * LOW HITPOINT WARNING * * *
You impale the sky beast!!
The sky beast is severely wounded.
The sky beast closely misses you.
You hit the sky beast.
The sky beast is almost dead.
You feel sick.
You barely miss the sky beast.
The sky beast is almost dead.
The sky beast hits you.
* * * LOW HITPOINT WARNING * * *
The sky beast shocks you.
You die...

# .# #######...
+.......[.
#.........
#......... #@#
##+##Y#####+# #...
#...ZhZ.?....
#.....#............
#.....#............
#.....#............
#.....#............
#.....#'##..#######
#.....#### ...


You could see a sky beast, a howler monkey, a worker ant zombie and a jackal
skeleton.

Vanquished Creatures
  Sigmund (D:2)
  A black bear (D:2)
  A centaur (D:2)
  An orc priest (D:4)
  A worker ant (D:5)
  3 adders
  3 oozes
  4 leopard geckos
  4 orcs
  4 giant cockroaches
  5 goblins
  8 hobgoblins
  9 jackals
  A quokka (D:4)
  7 bats
  8 frilled lizards
  7 kobolds
  9 rats
77 creatures vanquished.

Notes
Turn   | Place    | Note
-------+----------+-------------------------------------------
     0 | D:1      | Hasart the Kobold Gladiator began the quest for the Orb.
     0 | D:1      | Reached XP level 1. HP: 12/12 MP: 1/1
   136 | D:1      | Reached XP level 2. HP: 14/18 MP: 2/2
   449 | D:1      | Reached skill level 1 in Stealth
   526 | D:1      | Reached XP level 3. HP: 22/22 MP: 3/3
  1129 | D:2      | Noticed a black bear
  1139 | D:2      | Killed a black bear
  1139 | D:2      | Reached skill level 5 in Short Blades
  1139 | D:2      | Reached skill level 1 in Armour
  1139 | D:2      | Reached XP level 4. HP: 28/28 MP: 4/4
  1139 | D:2      | Reached XP level 5. HP: 32/32 MP: 5/5
  1242 | D:2      | Noticed Sigmund
  1256 | D:2      | Killed Sigmund
  1256 | D:2      | Reached skill level 6 in Short Blades
  1256 | D:2      | Reached XP level 6. HP: 29/37 MP: 6/6
  1378 | D:2      | Found a faded altar of an unknown god.
  1474 | D:2      | Reached XP level 7. HP: 42/42 MP: 7/7
  2037 | D:2      | Found a sacrificial altar of Ru.
  2045 | D:2      | Became a worshipper of Ru the Awakened
  2463 | D:4      | Noticed a hornet
  2635 | D:4      | Found Motsead's Magic Scroll Emporium.
  2643 | D:4      | Bought a scroll of remove curse for 36 gold pieces
  2643 | D:4      | Bought a scroll of identify for 24 gold pieces
  2643 | D:4      | Bought a scroll of magic mapping for 42 gold pieces
  2660 | D:5      | Entered Level 5 of the Dungeon
  2689 | D:5      | Reached skill level 5 in Dodging
  2697 | D:5      | Slain by a sky beast

Levels and vault maps discovered:
D:1:      nagdon_arrival_zigzag_paths, layout_loops_ring
D:2:      layout_loops_ring, chequers_ecumenical_altar_simple,
          solitary_fountain, kennysheep_crisscross, nicolae_ru_path_of_blood,
          uniq_sigmund
D:3:      layout_basic
D:4:      layout_rooms, serial_shops, shop
D:5:      layout_gridville, first_ration

Skill      XL: |  1  2  3  4  5  6  7 |
---------------+----------------------+-----
Stealth        | 1 2 3 |  3.9
Fighting       | 3 |  3.9
Short Blades   | 5 6 |  6.8
Armour         | 1 2 |  2.1
Dodging        | 4 5 |  5.0
Throwing       | |  2.1

Action                   |  1- 3 |  4- 6 |  7- 9 || total
-------------------------+-------+-------+-------++-------
Melee: Rapier            |    95 |    28 |   104 ||   227
Throw: Throwing net      |     1 |       |       ||     1
  Use: Potion            |       |       |     2 ||     2
 Stab: Sleeping          |     4 |     6 |    11 ||    21
  Eat: Chunk             |     9 |     1 |     4 ||    14
Armor: Leather armour    |    18 |     4 |    13 ||    35
Dodge: Dodged            |    60 |    25 |    62 ||   147

Table legend:
 A = Non-vault XP
 B = Vault XP
 C = Vault XP percentage of total XP
 D = Non-vault monster count
 E = Vault monster count
 F = Vault count percentage of total count
                 A         B        C        D         E       F
            +---------+---------+-------+---------+---------+-------
      Total |     486 |     220 |  31.2 |      76 |       1 |   1.3
            +---------+---------+-------+---------+---------+-------
        D:1 |      47 |       0 |   0.0 |      30 |       0 |   0.0
        D:2 |     295 |     220 |  42.7 |      24 |       1 |   4.0
        D:3 |      24 |       0 |   0.0 |      10 |       0 |   0.0
        D:4 |      75 |       0 |   0.0 |      10 |       0 |   0.0
        D:5 |      45 |       0 |   0.0 |       2 |       0 |   0.0
            +---------+---------+-------+---------+---------+-------
